 Dungeon Crawl Stone Soup version 0.22-a0-166-g5351223 (webtiles) character file.

102 vishdafish the Skirmisher (level 4, -2/35 HPs)
             Began as a Demonspawn Fighter on Feb 13, 2018.
             Slain by a water moccasin (4 damage)
             ... on level 3 of the Dungeon.
             The game lasted 00:05:31 (2846 turns).

vishdafish the Skirmisher (Demonspawn Fighter)      Turns: 2846, Time: 00:05:32

Health: -2/35      AC:  7    Str: 16    XL:     4   Next: 50%
Magic:  4/4        EV:  7    Int: 10    God:
Gold:   133        SH:  8    Dex: 13    Spells: 3/3 levels left

rFire    . . .     SeeInvis .   k - -2 dagger (curse)
rCold    + . .     Gourm    .   c - +0 shield
rNeg     . . .     Faith    .   b - +0 scale mail
rPois    .         Spirit   .   (no helmet)
rElec    .         Reflect  .   (no cloak)
rCorr    .         Harm     .   i - +0 pair of gloves
MR       .....                  (no boots)
Stlth    +.........             (no amulet)
HPRegen  0.11/turn              l - ring of protection from cold
MPRegen  0.09/turn              (no ring)

@: drained
A: talons 1, nightstalker 1
a: no special abilities


You were on level 3 of the Dungeon.
You were hungry.

You visited 1 branch of the dungeon, and saw 3 of its levels.

You collected 133 gold pieces.

Inventory:

Hand Weapons
 a - a +0 long sword
 k - a cursed -2 dagger (weapon)
 n - a +0 scimitar
Armour
 b - a +0 scale mail (worn)
 c - a +0 shield (worn)
 i - a +0 pair of gloves (worn)
Jewellery
 l - a ring of protection from cold (left hand)
Scrolls
 e - a scroll of magic mapping
 g - a scroll of enchant armour
Potions
 m - a potion of mutation {unknown}
Comestibles
 f - 4 rations


   Skills:
 + Level 3.4(2.8) Fighting
 - Level 0.1(1.0) Short Blades
 * Level 2.9(2.3) Long Blades
 + Level 3.1(2.5) Armour
 + Level 1.0(0.4) Dodging
 + Level 3.1(2.5) Shields


You had 3 spell levels left.
You didn't know any spells.

Dungeon Overview and Level Annotations

Branches:
Dungeon (3/15)

Altars:
Hepliaklqana
Kikubaaqudgha
Makhleb
Zin


Innate Abilities, Weirdness & Mutations

You have sharp toenails.
You are slightly more attuned to the shadows.


Message History

You escape the ball python's grasp.
You feel sick. You block the jackal's attack.
Found 6 gold pieces.
You feel sick.
The jackal bites you but does no damage. x2
The water moccasin barely misses you.
You feel sick. The jackal completely misses you. You block the goblin's attack.
You feel sick. The jackal bites you. x2
* * * LOW HITPOINT WARNING * * *
You feel sick. You block the goblin's attack. The water moccasin bites you!
* * * LOW HITPOINT WARNING * * *
Found a whip.
* * * LOW HITPOINT WARNING * * *
You feel sick.
You feel better. You block the water moccasin's attack.
The water moccasin bites you but does no damage.
The water moccasin bites you!
* * * LOW HITPOINT WARNING * * *
The water moccasin bites you.
You die...

.........†.†....#...h
.......%.(........<..
...................##
................#..#
........S.#.#####..#
#...#hh###.# .#
#..###.# #.#
.$...hg###.#
......K.##@#
........##S#####
.................
.......###.##....
.).....# #... ###
.......# #..##
######## ####


You could see a water moccasin.

Vanquished Creatures
  5 adders
  2 gnolls (D:2)
  2 worms
  A giant cockroach (D:1)
  3 goblins (D:1)
  4 hobgoblins
  A jackal (D:3)
  5 bats
  4 frilled lizards
  6 kobolds
  6 rats
39 creatures vanquished.

Notes
Turn   | Place    | Note
-------+----------+-------------------------------------------
     0 | D:1      | vishdafish the Demonspawn Fighter began the quest for the Orb.
     0 | D:1      | Reached XP level 1. HP: 18/18 MP: 1/1
   384 | D:1      | Gained mutation: You are slightly more attuned to the shadows. [demonic ancestry]
   384 | D:1      | Reached XP level 2. HP: 24/24 MP: 2/2
  1242 | D:2      | Reached XP level 3. HP: 29/29 MP: 3/3
  1773 | D:2      | Found an ancient bone altar of Kikubaaqudgha.
  1884 | D:2      | Gained mutation: You have sharp toenails. [demonic ancestry]
  1884 | D:2      | Reached XP level 4. HP: 6/35 MP: 4/4
  2244 | D:2      | Reached skill level 1 in Dodging
  2532 | D:2      | Found a burning altar of Makhleb.
  2620 | D:2      | Found a glowing silver altar of Zin.
  2620 | D:2      | Found a hazy altar of Hepliaklqana.
  2828 | D:3      | Noticed a water moccasin
  2846 | D:3      | Slain by a water moccasin

Vault maps used:
D:1:      minmay_arrival_four_circles, minmay_quantized
D:2:      lightli_temple_of_fire, kiku_gazebo_pond_becter,
          gammafunk_temple_overflow_wave
D:3:      gup_sewer_entry_bubbles, first_ration, solitary_fountain,
          elyvilon_altar_5, uniq_ijyb

Skill      XL: |  1  2  3  4 |
---------------+-------------+-----
Long Blades    | 2 |  2.9
Armour         | 3 |  3.1
Shields        | 3 |  3.1
Dodging        | 1 |  1.0
Fighting       | |  3.4
Short Blades   | |  0.1

Action                   |  1- 3 |  4- 6 || total
-------------------------+-------+-------++-------
Melee: Long sword        |    22 |       ||    22
       Dagger            |   284 |    60 ||   344
       Kick              |       |    25 ||    25
  Use: Potion            |     7 |     1 ||     8
       Scroll            |     3 |     2 ||     5
  Eat: Chunk             |     3 |     3 ||     6
Armor: Scale mail        |   138 |    32 ||   170
       Skin              |    31 |       ||    31
Dodge: Dodged            |    86 |    26 ||   112
Block: Shield            |   147 |    34 ||   181
       Rpst.: Long sword |     4 |       ||     4

Table legend:
 A = Spawn XP
 B = Non-spawn XP
 C = Spawn XP percentage of total XP
 D = Spawn monster count
 E = Non-spawn monster count
 F = Spawn count percentage of total count
 G = Total turns spent on level
                    A         B        C        D         E        F      G
               +---------+---------+-------+---------+---------+-------+---------
         Total |       0 |     147 |   0.0 |       0 |      39 |   0.0 |  2846
               +---------+---------+-------+---------+---------+-------+---------
           D:1 |       0 |      40 |   0.0 |       0 |      19 |   0.0 |  1344
           D:2 |       0 |      98 |   0.0 |       0 |      16 |   0.0 |  1455
           D:3 |       0 |       9 |   0.0 |       0 |       4 |   0.0 |    47
               +---------+---------+-------+---------+---------+-------+---------
